MID
BOWLING GREEN HOT RODS @ KANNAPOLIS INTIMIDATORS
08/11/2044
 
TOP OF THE 1ST
Bowling Green Hot Rods batting - Pitching for Kannapolis Intimidators : RHP Dan Lay
Pitching: RHP Dan Lay
Batting: SHB Julio Hernandez 0-0: Called Strike
0-1: Ground out 4-3 (Groundball, 4S, EV 81.9 MPH)
Batting: LHB Jake Rheaume 0-0: Ball
1-0: Ball
2-0: Ball
3-0: Called Strike
3-1: Fly out, F8 (Flyball, 78S, EV 80.0 MPH)
Batting: RHB Adam Kaeser 0-0: SINGLE (Groundball, 34, EV 94.4 MPH)
Batting: LHB Mario Ocana 0-0: Ball
1-0: Ball
2-0: Called Strike
2-1: Ball
3-1: Foul Ball, location: 2F
3-2: Fly out, F4 (Popup, 4, EV 58.1 MPH)
Top of the 1st over - 0 runs, 1 hit, 0 errors, 1 left on base; Bowling Green 0 - Kannapolis 0
BOTTOM OF THE 1ST
Kannapolis Intimidators batting - Pitching for Bowling Green Hot Rods : RHP Greg Spaulding
Pitching: RHP Greg Spaulding
Batting: RHB Adam Lambert 0-0: Ball
1-0: SINGLE (Line Drive, 89S, EV 92.5 MPH)
Batting: LHB John Thurman 0-0: Ball
Adam Lambert steals 2nd base (no throw)
1-0: Ball
Adam Lambert steals 3rd base
2-0: Ball
3-0: Called Strike
3-1: Foul Ball, location: 2F
3-2: Foul Ball, location: 2F
3-2: Ground out 6-3 (Groundball, 4M, EV 103.1 MPH)
Adam Lambert scores
Batting: LHB Dustin Taylor 0-0: Ball
1-0: Foul Ball, location: 2F
1-1: Foul Ball, location: 2F
1-2: SINGLE (Groundball, 13S, EV 68.8 MPH) (infield hit)
Batting: LHB Angel Tellez 0-0: Called Strike
0-1: Ball
Dustin Taylor steals 2nd, throwing error, E2
Dustin Taylor to third
1-1: Ball
2-1: Ball
3-1: SINGLE (Groundball, 34D, EV 102.5 MPH)
Dustin Taylor scores
Batting: LHB Preston Knaak 0-0: Ball
1-0: Ball
2-0: Foul Ball, location: 2F
2-1: Grounds into double play, 5-4-3 (Groundball, 56, EV 100.6 MPH)
Bottom of the 1st over - 2 runs, 3 hits, 1 error, 0 left on base; Bowling Green 0 - Kannapolis 2
TOP OF THE 2ND
Bowling Green Hot Rods batting - Pitching for Kannapolis Intimidators : RHP Dan Lay
Batting: RHB Paul Landes 0-0: Fly out, F7 (Flyball, 7LS, EV 78.1 MPH)
Batting: RHB Kevin Benfield 0-0: Ball
1-0: Ball
2-0: DOUBLE (Groundball, 5L, EV 103.1 MPH)
Batting: RHB Azedine Kirui 0-0: Ball
1-0: Ball
2-0: Called Strike
2-1: Ball
Wild Pitch!
Kevin Benfield to third
3-1: Foul Ball, location: 2F
3-2: Fly out, F8 (Flyball, 8RD, EV 94.4 MPH)
Runner from 3rd tags up, SCORES, throw by CF
Batting: RHB Kevin Kush 0-0: Swinging Strike
0-1: Ball
1-1: Ball
2-1: Called Strike
2-2: Ground out 5-3 (Groundball, 56, EV 107.5 MPH)
Top of the 2nd over - 1 run, 1 hit, 0 errors, 0 left on base; Bowling Green 1 - Kannapolis 2
BOTTOM OF THE 2ND
Kannapolis Intimidators batting - Pitching for Bowling Green Hot Rods : RHP Greg Spaulding
Batting: RHB Micah Brown 0-0: Swinging Strike
0-1: Called Strike
0-2: Ball
1-2: Ground out 6-3 (Groundball, 6, EV 81.9 MPH)
Batting: SHB Tadaaki Kondo 0-0: Ball
1-0: Fly out, F8 (Flyball, 8LM, EV 91.9 MPH)
Batting: RHB Ching-hsia Zhang 0-0: Called Strike
0-1: Called Strike
0-2: Strikes out swinging
Bottom of the 2nd over - 0 runs, 0 hits, 0 errors, 0 left on base; Bowling Green 1 - Kannapolis 2
TOP OF THE 3RD
Bowling Green Hot Rods batting - Pitching for Kannapolis Intimidators : RHP Dan Lay
Batting: SHB Virgil Laverick 0-0: Ball
1-0: Ball
2-0: Ball
3-0: Called Strike
3-1: Ground out 5-3 (Groundball, 5S, EV 83.8 MPH)
Batting: SHB Julio Hernandez 0-0: Ball
1-0: SINGLE (Line Drive, 8RS, EV 106.9 MPH)
Batting: LHB Jake Rheaume 0-0: Foul Ball, location: 2F
0-1: Called Strike
0-2: Ball
Julio Hernandez steals 2nd base
1-2: Ball
2-2: Ball
3-2: Foul Ball, location: 2F
3-2: TRIPLE (Flyball, 78XD, EV 107.5 MPH)
Julio Hernandez scores
Batting: RHB Adam Kaeser 0-0: Ball
1-0: Ball
2-0: Foul Ball, location: 2F
2-1: Foul Ball, location: 2F
2-2: Fly out, F7 (Flyball, 7LS, EV 72.5 MPH)
Runner from 3rd tags up, SCORES, throw by LF
Batting: LHB Mario Ocana 0-0: Ball
1-0: Ball
2-0: Called Strike
2-1: Called Strike
2-2: Foul Ball, location: 2F
2-2: Strikes out swinging
Top of the 3rd over - 2 runs, 2 hits, 0 errors, 0 left on base; Bowling Green 3 - Kannapolis 2
BOTTOM OF THE 3RD
Kannapolis Intimidators batting - Pitching for Bowling Green Hot Rods : RHP Greg Spaulding
Batting: RHB Tyrell Camp 0-0: Ball
1-0: Swinging Strike
1-1: Swinging Strike
1-2: Foul Ball, location: 2F
1-2: Ball
2-2: Ball
3-2: Foul Ball, location: 2F
3-2: Strikes out swinging
Batting: RHB Adam Lambert 0-0: Swinging Strike
0-1: Foul Ball, location: 2F
0-2: Ball
1-2: Ball
2-2: Ground out 4-3 (Groundball, 34, EV 83.8 MPH)
Batting: LHB John Thurman 0-0: Ground out 4-3 (Groundball, 4, EV 83.8 MPH)
Bottom of the 3rd over - 0 runs, 0 hits, 0 errors, 0 left on base; Bowling Green 3 - Kannapolis 2
TOP OF THE 4TH
Bowling Green Hot Rods batting - Pitching for Kannapolis Intimidators : RHP Dan Lay
Batting: RHB Paul Landes 0-0: Ball
1-0: Foul Ball, location: 2F
1-1: Ball
2-1: Called Strike
2-2: Strikes out swinging
Batting: RHB Kevin Benfield 0-0: Ball
1-0: Ground out 4-3 (Groundball, 34, EV 105.6 MPH)
Batting: RHB Azedine Kirui 0-0: Called Strike
0-1: Ball
1-1: Ball
2-1: Ground out 6-3 (Groundball, 6, EV 83.8 MPH)
Top of the 4th over - 0 runs, 0 hits, 0 errors, 0 left on base; Bowling Green 3 - Kannapolis 2
BOTTOM OF THE 4TH
Kannapolis Intimidators batting - Pitching for Bowling Green Hot Rods : RHP Greg Spaulding
Batting: LHB Dustin Taylor 0-0: Called Strike
0-1: SINGLE (Line Drive, 78S, EV 111.2 MPH)
Batting: LHB Angel Tellez 0-0: Ball
1-0: Called Strike
Dustin Taylor steals 2nd base
1-1: Foul Ball, location: 2F
1-2: Foul Ball, location: 2F
1-2: Ball
2-2: Foul Ball, location: 2F
2-2: Strikes out swinging
Batting: LHB Preston Knaak 0-0: Called Strike
0-1: Ball
1-1: Called Strike
1-2: Foul Ball, location: 2F
1-2: Ball
2-2: Foul Ball, location: 2F
2-2: Ground out 4-3 (Groundball, 4, EV 110.0 MPH)
Dustin Taylor to third
Batting: RHB Micah Brown 0-0: Ball
1-0: Fly out, F9 (Flyball, 9, EV 87.5 MPH)
Bottom of the 4th over - 0 runs, 1 hit, 0 errors, 1 left on base; Bowling Green 3 - Kannapolis 2
TOP OF THE 5TH
Bowling Green Hot Rods batting - Pitching for Kannapolis Intimidators : RHP Dan Lay
Batting: RHB Kevin Kush 0-0: Swinging Strike
0-1: Foul Ball, location: 2F
0-2: Ball
1-2: Strikes out swinging
Batting: SHB Virgil Laverick 0-0: Called Strike
0-1: Foul Ball, location: 2F
0-2: Ball
1-2: Strikes out swinging
Batting: SHB Julio Hernandez 0-0: Ball
1-0: Swinging Strike
1-1: Foul Ball, location: 2F
1-2: Strikes out swinging
Top of the 5th over - 0 runs, 0 hits, 0 errors, 0 left on base; Bowling Green 3 - Kannapolis 2
BOTTOM OF THE 5TH
Kannapolis Intimidators batting - Pitching for Bowling Green Hot Rods : RHP Greg Spaulding
Batting: SHB Tadaaki Kondo 0-0: Ball
1-0: Ball
2-0: Called Strike
2-1: Ball
3-1: Foul Ball, location: 2F
3-2: Base on Balls
Batting: RHB Ching-hsia Zhang 0-0: Called Strike
0-1: Ball
1-1: Fielders Choice at 2nd, 5-4 (Groundball, 5, EV 101.9 MPH)
Batting: RHB Tyrell Camp 0-0: Grounds into double play, 4-6-3 (Groundball, 4, EV 75.6 MPH)
Bottom of the 5th over - 0 runs, 0 hits, 0 errors, 0 left on base; Bowling Green 3 - Kannapolis 2
TOP OF THE 6TH
Bowling Green Hot Rods batting - Pitching for Kannapolis Intimidators : RHP Dan Lay
Batting: LHB Jake Rheaume 0-0: Swinging Strike
0-1: Called Strike
0-2: Ball
1-2: SINGLE (Groundball, 4M, EV 100.6 MPH) (infield hit)
Batting: RHB Adam Kaeser 0-0: Called Strike
Jake Rheaume steals 2nd base
0-1: Swinging Strike
0-2: Ball
1-2: Ground out 6-3 (Groundball, 6, EV 110.6 MPH)
Batting: LHB Mario Ocana 0-0: Ball
Wild Pitch!
Jake Rheaume to third
1-0: Foul Ball, location: 2F
1-1: Ball
2-1: Ball
3-1: Foul Ball, location: 2F
3-2: Foul Ball, location: 2F
3-2: Base on Balls
Batting: RHB Paul Landes 0-0: Ball
1-0: 3-RUN HOME RUN (Flyball, 8RXD, EV 104.4 MPH), Distance : 405 ft
Pitching: LHP Donald Brannon
Batting: RHB Kevin Benfield 0-0: Ball
1-0: Called Strike
1-1: Called Strike
1-2: Ball
2-2: Ball
3-2: Base on Balls
Batting: RHB Azedine Kirui 0-0: Ball
1-0: Called Strike
1-1: Grounds into double play, 4-6-3 (Groundball, 4M, EV 98.8 MPH)
Top of the 6th over - 3 runs, 2 hits, 0 errors, 0 left on base; Bowling Green 6 - Kannapolis 2
BOTTOM OF THE 6TH
Kannapolis Intimidators batting - Pitching for Bowling Green Hot Rods : RHP Greg Spaulding
Batting: RHB Adam Lambert 0-0: Swinging Strike
0-1: SINGLE (Groundball, 34S, EV 76.9 MPH) (infield hit)
Batting: LHB John Thurman 0-0: Ball
1-0: Fly out, F4 (Popup, 34, EV 65.6 MPH)
Batting: LHB Dustin Taylor 0-0: Called Strike
0-1: Ball
Adam Lambert steals 2nd base
1-1: Ground out 4-3 (Groundball, 4, EV 98.8 MPH)
Adam Lambert to third
Batting: LHB Angel Tellez 0-0: Ball
1-0: Foul Ball, location: 2F
1-1: Ground out 6-3 (Groundball, 56, EV 109.4 MPH)
Bottom of the 6th over - 0 runs, 1 hit, 0 errors, 1 left on base; Bowling Green 6 - Kannapolis 2
TOP OF THE 7TH
Bowling Green Hot Rods batting - Pitching for Kannapolis Intimidators : LHP Donald Brannon
Pitching: LHP Steve Knezevic
Batting: RHB Kevin Kush 0-0: Called Strike
0-1: Foul Ball, location: 2F
0-2: Ball
1-2: Strikes out swinging
Batting: SHB Virgil Laverick 0-0: Ball
1-0: Foul Ball, location: 2F
1-1: Ball
2-1: SINGLE (Groundball, 6MD, EV 106.2 MPH)
Batting: SHB Julio Hernandez 0-0: Ball
1-0: Foul Ball, location: 2F
1-1: Ball
2-1: Ball
3-1: Foul Ball, location: 2F
3-2: Fielders Choice at 2nd, 6-4 (Groundball, 6, EV 89.4 MPH)
Batting: LHB Jake Rheaume 0-0: Ball
1-0: Ball
2-0: Swinging Strike
2-1: Foul Ball, location: 2F
2-2: Ball
3-2: Strikes out swinging
Top of the 7th over - 0 runs, 1 hit, 0 errors, 1 left on base; Bowling Green 6 - Kannapolis 2
BOTTOM OF THE 7TH
Kannapolis Intimidators batting - Pitching for Bowling Green Hot Rods : RHP Greg Spaulding
Batting: LHB Preston Knaak 0-0: Called Strike
0-1: Ball
1-1: Called Strike
1-2: Strikes out swinging
Batting: RHB Micah Brown 0-0: Called Strike
0-1: Ball
1-1: Foul Ball, location: 2F
1-2: Ball
2-2: Strikes out swinging
Batting: SHB Tadaaki Kondo 0-0: Called Strike
0-1: Fly out, F7 (Flyball, 7, EV 96.9 MPH)
Bottom of the 7th over - 0 runs, 0 hits, 0 errors, 0 left on base; Bowling Green 6 - Kannapolis 2
TOP OF THE 8TH
Bowling Green Hot Rods batting - Pitching for Kannapolis Intimidators : LHP Steve Knezevic
Pitching: RHP Juan Estrada
Batting: RHB Adam Kaeser 0-0: Ball
1-0: Ground out 6-3 (Groundball, 6, EV 108.8 MPH)
Batting: LHB Mario Ocana 0-0: Ball
1-0: Fly out, F9 (Flyball, 89D, EV 108.8 MPH)
Batting: RHB Paul Landes 0-0: Swinging Strike
0-1: Foul Ball, location: 2F
0-2: Ball
1-2: SINGLE (Groundball, 6D, EV 96.9 MPH)
Batting: RHB Kevin Benfield 0-0: Called Strike
0-1: Ball
1-1: Called Strike
1-2: Foul Ball, location: 2F
1-2: Fly out, F8 (Flyball, 8LD, EV 101.9 MPH)
Top of the 8th over - 0 runs, 1 hit, 0 errors, 1 left on base; Bowling Green 6 - Kannapolis 2
BOTTOM OF THE 8TH
Kannapolis Intimidators batting - Pitching for Bowling Green Hot Rods : RHP Greg Spaulding
Batting: RHB Ching-hsia Zhang 0-0: Fly out, F8 (Line Drive, 8RM, EV 93.8 MPH)
Batting: RHB Tyrell Camp 0-0: Foul Ball, location: 2F
0-1: Called Strike
0-2: Ball
1-2: Ground out 5-3 (Groundball, 56S, EV 67.5 MPH)
Batting: RHB Adam Lambert 0-0: Foul Ball, location: 2F
0-1: Swinging Strike
0-2: Strikes out swinging
Bottom of the 8th over - 0 runs, 0 hits, 0 errors, 0 left on base; Bowling Green 6 - Kannapolis 2
TOP OF THE 9TH
Bowling Green Hot Rods batting - Pitching for Kannapolis Intimidators : RHP Juan Estrada
Batting: RHB Azedine Kirui 0-0: Fly out, F7 (Flyball, 7, EV 76.9 MPH)
Batting: RHB Kevin Kush 0-0: Ball
1-0: Foul Ball, location: 2F
1-1: SINGLE (Line Drive, 78S, EV 105.6 MPH)
Batting: SHB Virgil Laverick 0-0: Ball
Kevin Kush steals 2nd base (no throw)
1-0: Ball
2-0: DOUBLE (Line Drive, 78D, EV 105.6 MPH)
Kevin Kush scores
Batting: SHB Julio Hernandez 0-0: Ball
1-0: Foul Ball, location: 2F
1-1: Foul Ball, location: 2F
1-2: Foul Ball, location: 2F
1-2: Ball
2-2: Ball
3-2: Base on Balls
Batting: LHB Jake Rheaume 0-0: Ball
1-0: Called Strike
1-1: Ball
2-1: Ball
3-1: Base on Balls
Virgil Laverick to third
Julio Hernandez to second
Batting: RHB Adam Kaeser 0-0: Called Strike
0-1: Foul Ball, location: 2F
0-2: Foul Ball, location: 2F
0-2: GRAND SLAM HOME RUN (Flyball, 7LD, EV 95.0 MPH), Distance : 344 ft
Pitching: RHP Cesar Guzman
Batting: LHB Mario Ocana 0-0: Called Strike
0-1: Ball
1-1: Ball
2-1: SINGLE (Groundball, 34S, EV 63.1 MPH) (infield hit)
Pinch Hitting: RHB Eric Waugaman 0-0: Called Strike
0-1: Grounds into double play, 5-4-3 (Groundball, 56S, EV 78.8 MPH)
Top of the 9th over - 5 runs, 4 hits, 0 errors, 0 left on base; Bowling Green 11 - Kannapolis 2
BOTTOM OF THE 9TH
Kannapolis Intimidators batting - Pitching for Bowling Green Hot Rods : RHP Greg Spaulding
Now at 3B: Eric Waugaman
Pinch Hitting: RHB Noah Wall 0-0: Ball
1-0: Foul Ball, location: 2F
1-1: Ball
2-1: Ground out 6-3 (Groundball, 6, EV 90.6 MPH)
Pitching: LHP Chris Polite
Pinch Hitting: RHB Omar Lopez 0-0: Ball
1-0: Swinging Strike
1-1: Foul Ball, location: 2F
1-2: Foul Ball, location: 2F
1-2: Strikes out swinging
Batting: LHB Angel Tellez 0-0: Ball
1-0: Called Strike
1-1: Called Strike
1-2: SINGLE (Groundball, 4MD, EV 106.2 MPH)
Batting: LHB Preston Knaak 0-0: Called Strike
0-1: Swinging Strike
0-2: Strikes out looking
Bottom of the 9th over - 0 runs, 1 hit, 0 errors, 1 left on base; Bowling Green 11 - Kannapolis 2
Thursday, March 31st , 2022 - OOTP Baseball 22.12 Build 89